 Dungeon Crawl Stone Soup version 0.31-a0-152-g6aa68a64a1 (webtiles) character file.

Game seed: 13649552493934615073

812 qw the Skirmisher (level 7, -5/61 HPs)
             Began as a Minotaur Hunter on June 10, 2023.
             Slain by a gnoll
             ... wielding a +0 halberd
              (9 damage)
             ... on level 6 of the Dungeon.
             The game lasted 00:01:54 (3047 turns).

qw the Skirmisher (Minotaur Hunter)                 Turns: 3047, Time: 00:01:55

Health: -5/61      AC:  8    Str: 15    XL:     7   Next: 61%
Magic:  6/6        EV: 12    Int:  6    God:
Gold:   24         SH:  0    Dex: 16    Spells: 6/6 levels left

rFire   + . .        Y - +0 shortbow
rCold   + + .        (shield currently unavailable)
rNeg    . . .        j - +2 ring mail {rC+}
rPois   .            (helmet restricted)
rElec   +            g - scarf {rC+ rF+}
rCorr   .            (no gloves)
SInv    .            c - +0 pair of boots of Mumblety Peg {Rampage rElec Regen+}
Will    +....        h - amulet of regeneration
Stlth   +            e - ring of willpower
HPRegen 1.90/turn    (no ring)
MPRegen 0.10/turn

%: rampage
@: about to teleport
A: horns 2, retaliatory headbutt
a: no special abilities


You were on level 6 of the Dungeon.
You visited 1 branch of the dungeon, and saw 6 of its levels.

You collected 171 gold pieces.
You spent 147 gold pieces at shops.


Innate Abilities, Weirdness & Mutations

You have a pair of horns on your head.
You reflexively headbutt those who attack you in melee.


   Skills:
 + Level 5.0 Fighting
 - Level 9.0 Ranged Weapons
 - Level 2.1 Armour
 - Level 3.1 Dodging
 - Level 0.7 Stealth


You had 6 spell levels left.
You didn't know any spells.
Your spell library was empty.

Inventory:

Hand Weapons
 Y - a +0 shortbow (weapon)
Armour
 c - the +0 pair of boots of Mumblety Peg (worn) {Rampage rElec Regen+}
   (You acquired it on level 2 of the Dungeon)

   rElec:     It insulates you from electricity.
   Regen:     It increases your rate of health regeneration.
   Rampage:   It bestows one free step when moving towards enemies.
 g - a scarf of resistance (worn)
 j - a +2 ring mail of cold resistance (worn)
Jewellery
 e - a ring of willpower (left hand)
 h - an amulet of regeneration (around neck)
Wands
 k - a wand of digging (6)
Scrolls
 a - 3 scrolls of teleportation
 d - a scroll of identify
 f - a scroll of enchant armour
Potions
 b - 5 potions of curing
 l - a potion of lignification {unknown}
 m - a potion of mutation {unknown}
 n - a potion of resistance

Dungeon Overview and Level Annotations

Branches:
Dungeon (6/15)
 Temple: D:4-7

Altars:
Uskayaw

Shops:
D:1 [   D:5 *   D:6 (

Annotations:
D:4 2 transporters, qw's ghost, amateur GrHu
D:6 exclusion: orc warrior


Message History

The orc closely misses you. The gnoll misses you.
The white imp gestures at you. The puff of frost hits you. You resist.
You shoot an arrow.
The arrow hits the white imp but does no damage.
The white imp is heavily wounded.
The orc hits you but does no damage. The gnoll barely misses you.
The gnoll throws a throwing net.
The throwing net hits you.
You become entangled in the net!
The white imp puffs mist at you.
The white imp hits you but does no damage.
You struggle against the net.
The orc barely misses you.
The gnoll hits you from afar with a +0 halberd.
The white imp hits you but does no damage.
You tear a large gash into the net.
The orc hits you but does no damage. The gnoll barely misses you.
The gnoll hits you from afar with a +0 halberd!
The gnoll barely misses you. The white imp barely misses you.
You furiously retaliate!
You headbutt the white imp. You shred the net and break free!
The orc hits you but does no damage. The gnoll barely misses you.
The gnoll hits you from afar with a +0 halberd.
The gnoll completely misses you. The white imp gestures at you.
The puff of frost hits you but does no damage.
You shoot an arrow.
The arrow hits the white imp but does no damage.
The white imp is severely wounded.
The orc hits you with a +0 club.
The gnoll hits you from afar with a +0 halberd!
The gnoll hits you from afar with a +0 spear.
The gnoll hits you from afar with a +0 halberd!
The white imp closely misses you.
3047 ||| READING 4 scrolls of teleportation.
As you read the scroll of teleportation, it crumbles to dust.
You feel strangely unstable. The orc hits you but does no damage.
The gnoll hits you from afar with a +0 halberd!
You die...

#.......).......##
##.#.)...##.......#
#..#.[...##.......##
#.8...<).##........#
#........###.....#.##
....\....##.........#..
.......####...ggg....#.#
..>...8# #.../..o#.....
.....### ##....@%.#..
.....# ##...#5.# .
....## #####..... ....#
%...... ....# .......
....# .....#. ....#
.#.#.# ##### .#.#..


You could see 3 gnolls, a white imp and an orc.

Vanquished Creatures
  Menkaure (D:5)
  An orc warrior (D:6)
  A black bear (D:5)
  2 scorpions (D:5)
  A howler monkey (D:6)
  A jelly (D:5)
  Jessica (D:2)
  2 iguanas
  2 orc wizards (D:5)
  3 gnolls (D:3)
  6 adders
  A white imp (D:5)
  2 worms
  3 dart slugs
  9 orcs
  6 ball pythons
  5 endoplasms
  4 giant cockroaches
  7 goblins
  6 hobgoblins
  7 jackals (D:1)
  A quokka (D:4)
  3 bats
  5 frilled lizards
  8 kobolds
  3 rats
91 creatures vanquished.

Notes
Turn   | Place    | Note
-------+----------+-------------------------------------------
     0 | D:1      | qw the Minotaur Hunter began the quest for the Orb.
     0 | D:1      | Reached XP level 1. HP: 18/18 MP: 0/0
     0 | D:1      | 0 ||| qw: Version: 0.2-a-122-gbc61b45
     0 | D:1      | 0 ||| qw: Game counter: 3517
     0 | D:1      | 0 ||| qw: Always use a shield: true
     0 | D:1      | 0 ||| qw: God list: Okawaru
     0 | D:1      | 0 ||| qw: Allow faded altars: false
     0 | D:1      | 0 ||| qw: Do Orc after D:15 true
     0 | D:1      | 0 ||| qw: Do second Lair branch before Depths: true
     0 | D:1      | 0 ||| qw: Lair rune preference: random
     0 | D:1      | 0 ||| qw: Plans: Normal
     0 | D:1      | 0 ||| PLANNING D:1-11
    26 | D:1      | Reached XP level 2. HP: 25/25 MP: 1/1
    28 | D:1      | Reached skill level 5 in Ranged Weapons
    62 | D:1      | Found Qymodgho's Antique Armour Emporium.
    80 | D:1      | 80 ||| SHOPLISTING embroidered robe (92 gold, have 4).
    80 | D:1      | 80 ||| SHOPLISTING ring mail (100 gold, have 4).
   107 | D:1      | Reached skill level 3 in Fighting
   267 | D:1      | Reached XP level 3. HP: 31/31 MP: 2/2
   563 | D:1      | 563 ||| UPGRADING to scarf of resistance.
   568 | D:1      | 568 ||| UPGRADING to +2 ring mail of cold resistance.
   578 | D:1      | 578 ||| DROPPING +0 leather armour.
   579 | D:1      | 579 ||| READING 2 scrolls labelled NYSHRU GONK.
   584 | D:1      | 584 ||| READING scroll labelled ASEULA DOUNK.
   585 | D:1      | 585 ||| DROPPING scroll of butterflies.
   627 | D:2      | Noticed Jessica
   634 | D:2      | Killed Jessica
   737 | D:2      | Reached XP level 4. HP: 38/38 MP: 3/3
  1140 | D:2      | 1140 ||| UPGRADING to +0 pair of boots.
  1145 | D:2      | 1145 ||| DROPPING +6 ring of intelligence.
  1146 | D:2      | 1146 ||| READING scroll labelled UQOH GISAOS.
  1147 | D:2      | 1147 ||| READING scroll labelled XAERAH AGEU.
  1148 | D:2      | 1148 ||| READING scroll labelled TAOTUI UFIOSE.
  1148 | D:2      | Identified a scroll of acquirement
  1148 | D:2      | 1148 ||| ACQUIRING +0 pair of boots of Mumblety Peg
                  | {Rampage rElec Regen+}
  1148 | D:2      | Acquired the +0 pair of boots of Mumblety Peg {Rampage
                  | rElec Regen+}
  1150 | D:2      | 1150 ||| UPGRADING to +0 pair of boots of Mumblety Peg
                  | {Rampage rElec Regen+}.
  1160 | D:2      | 1160 ||| DROPPING +0 pair of boots.
  1357 | D:3      | Reached skill level 6 in Ranged Weapons
  1668 | D:3      | 1668 ||| UPGRADING to ring of willpower.
  1669 | D:3      | 1669 ||| READING scroll labelled UVO JOADGHI.
  1670 | D:3      | 1670 ||| DRINKING 2 silvery potions.
  1671 | D:3      | 1671 ||| READING 4 scrolls of identify.
  1671 | D:3      | 1671 ||| IDENTIFYING inky potion
  1672 | D:3      | 1672 ||| READING 3 scrolls of identify.
  1672 | D:3      | 1672 ||| IDENTIFYING glowing emerald potion
  1673 | D:3      | 1673 ||| READING 2 scrolls of identify.
  1673 | D:3      | 1673 ||| IDENTIFYING smoky green potion
  1674 | D:3      | 1674 ||| DROPPING potion of attraction.
  1675 | D:3      | 1675 ||| DROPPING potion of brilliance.
  1676 | D:3      | 1676 ||| DROPPING potion of invisibility.
  1678 | D:3      | 1678 ||| Stepping ~*~*~tactically~*~*~ (cloud).
  1736 | D:4      | Reached XP level 5. HP: 46/46 MP: 4/4
  1762 | D:4      | Noticed a centaur
  1763 | D:4      | Noticed qw's ghost (amateur GrHu)
  1764 | D:4      | Found a transporter.
  1771 | D:4      | Found a transporter.
  2134 | D:4      | 2134 ||| UPGRADING to amulet of regeneration.
  2139 | D:4      | 2139 ||| READING scroll labelled GIQ TEARHANN.
  2140 | D:4      | 2140 ||| READING 2 scrolls of identify.
  2140 | D:4      | 2140 ||| IDENTIFYING viscous ruby potion
  2141 | D:4      | 2141 ||| DROPPING potion of degeneration.
  2165 | D:5      | Entered Level 5 of the Dungeon
  2210 | D:5      | 2210 ||| Stepping ~*~*~tactically~*~*~ (outnumbered).
  2277 | D:5      | Reached skill level 7 in Ranged Weapons
  2300 | D:5      | Found a hide-covered altar of Uskayaw.
  2300 | D:5      | Noticed Menkaure
  2302 | D:5      | Reached XP level 6. HP: 52/52 MP: 5/5
  2311 | D:5      | Killed Menkaure
  2380 | D:5      | Reached skill level 8 in Ranged Weapons
  2503 | D:5      | Reached XP level 7. HP: 54/61 MP: 6/6
  2535 | D:5      | 2535 ||| FLEEEEING.
  2579 | D:5      | Found Suwkuj's Assorted Antiques.
  2587 | D:5      | 2587 ||| BUYING brown potion (27 gold).
  2587 | D:5      | Bought a brown potion for 27 gold pieces
  2587 | D:5      | 2587 ||| SHOPLISTING golden ring (155 gold, have 142).
  2587 | D:5      | 2587 ||| BUYING green potion (27 gold).
  2587 | D:5      | Bought a green potion for 27 gold pieces
  2587 | D:5      | 2587 ||| SHOPLISTING potion of resistance (310 gold, have
                  | 115).
  2587 | D:5      | 2587 ||| BUYING scroll labelled KOIMIR KUHAAPP (31 gold).
  2587 | D:5      | Bought a scroll labelled KOIMIR KUHAAPP for 31 gold pieces
  2587 | D:5      | 2587 ||| BUYING scroll labelled KOIMIR KUHAAPP (31 gold).
  2587 | D:5      | Bought a scroll labelled KOIMIR KUHAAPP for 31 gold pieces
  2587 | D:5      | 2587 ||| BUYING scroll labelled NIMIFO BASAQ (31 gold).
  2587 | D:5      | Bought a scroll labelled NIMIFO BASAQ for 31 gold pieces
  2587 | D:5      | 2587 ||| SHOPLISTING scroll labelled XERO SUCUM (31 gold,
                  | have 22).
  2644 | D:5      | 2644 ||| READING scroll labelled HAHEPU ESITRI.
  2645 | D:5      | 2645 ||| READING 2 scrolls labelled KOIMIR KUHAAPP.
  2646 | D:5      | 2646 ||| READING scroll labelled NIMIFO BASAQ.
  2647 | D:5      | 2647 ||| DROPPING scroll of noise.
  2655 | D:6      | Found Leakhli Cuogi's Antique Weapon Shoppe.
  2665 | D:6      | 2665 ||| STAIRDANCE
  2674 | D:6      | 2674 ||| STAIRDANCE
  2690 | D:6      | 2690 ||| STAIRDANCE
  2709 | D:6      | 2709 ||| STAIRDANCE
  2719 | D:6      | 2719 ||| STAIRDANCE
  2724 | D:5      | Reached skill level 3 in Dodging
  2737 | D:6      | 2737 ||| STAIRDANCE
  2744 | D:6      | 2744 ||| STAIRDANCE
  2764 | D:6      | 2764 ||| STAIRDANCE
  2772 | D:6      | 2772 ||| STAIRDANCE
  2799 | D:6      | 2799 ||| STAIRDANCE
  2808 | D:6      | 2808 ||| STAIRDANCE
  2824 | D:6      | 2824 ||| STAIRDANCE
  2842 | D:6      | 2842 ||| STAIRDANCE
  2857 | D:6      | 2857 ||| STAIRDANCE
  2867 | D:6      | 2867 ||| STAIRDANCE
  2875 | D:6      | 2875 ||| STAIRDANCE
  2889 | D:6      | 2889 ||| STAIRDANCE
  2897 | D:6      | 2897 ||| STAIRDANCE
  2919 | D:6      | 2919 ||| STAIRDANCE
  2932 | D:6      | 2932 ||| STAIRDANCE
  3039 | D:6      | Reached skill level 9 in Ranged Weapons
  3046 | D:6      | HP: 2/61 [gnoll/+0 halberd (14)]
  3047 | D:6      | 3047 ||| READING 4 scrolls of teleportation.
  3047 | D:6      | Slain by a gnoll

Levels and vault maps discovered:
D:1:      shiori_arrival_oz, layout_rooms, serial_shops,
          nicolae_shop_waterfront, minmay_misc_feat_x, minmay_misc_feat_encased
D:2:      layout_basic, guppyfry_early_lair_pool, uniq_jessica
D:3:      layout_rooms, interstate_on_off, minmay_misc_feat_nine_boxes,
          roderic_roman_lattice, nrook_campfire, bh_walls_and_bars
D:4:      layout_cave_pools, gammafunk_ghost_arena
D:5:      layout_basic, eat_drink_and_be_merry_uskayaw, nicolae_stop_n_shop_2,
          uniq_menkaure
D:6:      layout_rooms, xom_butterflies, dk_noncrumbling_3,
          minmay_misc_feat_doors, nicolae_stop_n_shop_1, grunt_ministairs_1

Skill      XL: |  1  2  3  4  5  6  7 |
---------------+----------------------+-----
Ranged Weapons | 5 6 7 8 9 |  9.0
Fighting       | 3 4 5 |  5.0
Armour         | 2 |  2.1
Dodging        | 3 |  3.1
Stealth        | |  0.7

Action                     |  1- 3 |  4- 6 |  7- 9 || total
---------------------------+-------+-------+-------++-------
   Fire: Shortbow          |    71 |   169 |   134 ||   374
    Use: Scroll            |     2 |     9 |     4 ||    15
         Potion            |       |     1 |       ||     1
 Armour: Leather armour    |     3 |       |       ||     3
         Ring mail         |     2 |    33 |    45 ||    80
  Dodge: Dodged            |    17 |    52 |    72 ||   141

Table legend:
 A = Non-vault XP
 B = Vault XP
 C = Vault XP percentage of total XP
 D = Non-vault monster count
 E = Vault monster count
 F = Vault count percentage of total count
                 A         B        C        D         E       F
            +---------+---------+-------+---------+---------+-------
      Total |     923 |     237 |  20.4 |      86 |       5 |   5.5
            +---------+---------+-------+---------+---------+-------
        D:1 |      52 |       3 |   5.5 |      29 |       2 |   6.5
        D:2 |      33 |      37 |  52.9 |      11 |       1 |   8.3
        D:3 |      68 |       0 |   0.0 |      15 |       0 |   0.0
        D:4 |      26 |       0 |   0.0 |       7 |       0 |   0.0
        D:5 |     491 |     183 |  27.2 |      17 |       1 |   5.6
        D:6 |     253 |      14 |   5.2 |       7 |       1 |  12.5
            +---------+---------+-------+---------+---------+-------
